 Dungeon Crawl Stone Soup version 0.20.0-4-g10b340a (webtiles) character file.

124 mopl the Sneak (level 5, -15/45 HPs)
             Began as a Naga Assassin on May 27, 2017.
             Demolished by a goblin
             ... wielding a +2 dagger of electrocution
              (16 damage)
             ... on level 2 of the Dungeon.
             The game lasted 00:03:42 (2252 turns).

mopl the Sneak (Naga Assassin)                      Turns: 2252, Time: 00:03:43

Health: -15/45     AC:  3    Str: 13    XL:     5   Next: 8%
Magic:  5/5        EV:  9    Int: 12    God:
Gold:   95         SH:  0    Dex: 13    Spells: 4/4 levels left

rFire    . . .     SeeInvis +   a - +2 dagger
rCold    . . .     Gourm    .   (no shield)
rNeg     . . .     Faith    .   c - +0 robe
rPois    +         Spirit   .   (no helmet)
rElec    .         Reflect  .   d - +0 cloak
rCorr    .         Harm     .   (no gloves)
MR       .....                  (no barding)
Stlth    ++++......             (no amulet)
Regen    0.2/turn               (no ring)
MPRegen  0.1/turn               (no ring)

@: short of breath, very slow
A: see invisible, deformed body, poison resistance, slowness 2, slow metabolism
1, spit poison 1, AC +1
a: Spit Poison


You were on level 2 of the Dungeon.
You were not hungry.

You visited 1 branch of the dungeon, and saw 2 of its levels.

You collected 95 gold pieces.

Inventory:

Hand Weapons
 a - a +2 dagger (weapon)
 b - a +0 blowgun
Armour
 c - a +0 robe (worn)
 d - a +0 cloak (worn)
Jewellery
 r - an uncursed ring of resist corrosion {unknown}
Scrolls
 i - 4 scrolls of identify {unknown}
 l - 3 scrolls of remove curse {unknown}
 n - a scroll of magic mapping {unknown}
 o - a scroll of fear {unknown}
 q - a scroll of teleportation {unknown}
Potions
 j - 2 potions of brilliance {unknown}
 k - 3 potions of curing {unknown}
 m - a potion of invisibility {unknown}
 p - 2 potions of lignification {unknown}
 s - a potion of magic {unknown}
 u - a potion of heal wounds {unknown}
Comestibles
 g - 2 bread rations
 h - 5 fruits


   Skills:
 - Level 2.0 Fighting
 + Level 2.9 Short Blades
 + Level 2.8 Throwing
 - Level 0.7 Dodging
 * Level 7.9 Stealth


You had 4 spell levels left.
You didn't know any spells.

Dungeon Overview and Level Annotations

Branches:
Dungeon (2/15)

Altars:
Nemelex Xobeh
Yredelemnul


Innate Abilities, Weirdness & Mutations

You cannot wear boots.
Your serpentine skin is tough. (AC +1)
You have supernaturally acute eyesight. (SInv)
Armour fits poorly on your strangely shaped body.
Your system is resistant to poisons. (rPois)
You cover ground very slowly.
You have a slow metabolism.
You can spit poison.


Message History

You barely miss the goblin.
The goblin hits you with a dagger of electrocution.
* * * LOW HITPOINT WARNING * * *
You hit the goblin but do no damage.
You have got your breath back.
The goblin hits you but does no damage.
Press: ? - help, Shift-Dir - straight line, f/p - goblin
Aim: a goblin, wielding a dagger of electrocution, wearing a robe and wearing a garnet ring The splash of poison hits the goblin.
The goblin appears unharmed.
You feel slightly more hungry.
The goblin hits you with a dagger of electrocution.
* * * LOW HITPOINT WARNING * * *
Unknown command.
Okay, then.
Unknown command.
You hit the goblin but do no damage.
The goblin hits you with a dagger of electrocution.
* * * LOW HITPOINT WARNING * * *
You are electrocuted!
You die...

##..####.###.#.#
.............#.# ###
#.######.#...#.# .... #.#
#.#...#.# .... #.# #.......#
####..# ..# ###...### #....
### #...# ###..#
.#########...#####(#..##.#.
..#.............@g#(........
.#....)..........###..#.....
.##...............#...# ##.#
.#.#####.#....####.#.... #
..## #.#.....)..###..## ..#
#)#....###.# #.# ..##
#.#....## .. ...## #.......#
.#. ..#.# ###...#.# #


You could see a goblin.

Vanquished Creatures
  4 gnolls (D:2)
  4 adders (D:2)
  An ooze (D:2)
  A worm (D:2)
  A dart slug (D:2)
  A leopard gecko (D:2)
  3 bats
  A giant cockroach (D:1)
  4 goblins
  3 hobgoblins
  4 jackals (D:2)
  7 kobolds
  A quokka (D:2)
  3 frilled lizards (D:1)
  6 rats (D:1)
44 creatures vanquished.

Notes
Turn   | Place    | Note
-------+----------+-------------------------------------------
     0 | D:1      | mopl the Naga Assassin began the quest for the Orb.
     0 | D:1      | Reached XP level 1. HP: 19/19 MP: 1/1
   106 | D:1      | Reached skill level 6 in Stealth
   306 | D:1      | Reached XP level 2. HP: 26/26 MP: 2/2
   343 | D:1      | Reached skill level 2 in Throwing
   821 | D:2      | Reached XP level 3. HP: 32/32 MP: 3/3
  1098 | D:2      | Found a sparkling altar of Nemelex Xobeh.
  1120 | D:2      | Reached skill level 7 in Stealth
  1130 | D:2      | HP: 1/32 [poisoned by an adder]
  1519 | D:2      | Reached XP level 4. HP: 39/39 MP: 4/4
  1941 | D:2      | Found a basalt altar of Yredelemnul.
  2210 | D:2      | Reached XP level 5. HP: 33/45 MP: 5/5
  2252 | D:2      | HP: 1/45 [goblin/dagger of electrocution (5)]
  2252 | D:2      | Demolished by a goblin

Skill      XL: |  1  2  3 |
---------------+----------+-----
Stealth        | 6 7 |  7.9
Throwing       | 2 |  2.8
Fighting       | |  2.0
Short Blades   | |  2.9
Dodging        | |  0.7

Action                   |  1- 3 |  4- 6 || total
-------------------------+-------+-------++-------
Melee: Dagger            |    87 |    46 ||   133
 Fire: Blowgun           |     4 |    11 ||    15
 Abil: Spit Poison       |    15 |    10 ||    25
 Stab: Sleeping          |     8 |     2 ||    10
  Eat: Chunk             |     2 |     2 ||     4
Armor: Robe              |    19 |     9 ||    28
Dodge: Dodged            |    42 |    12 ||    54
